 Dungeon Crawl Stone Soup version 0.30-a0-459-g9104f0fc43 (webtiles) character file.

Game seed: 10746870873825313827

113 pokeman the Magician (level 4, 0/25 HPs)
             Began as a Deep Elf Hedge Wizard on Dec 15, 2022.
             Slain by an adder (2 damage)
             ... on level 3 of the Dungeon.
             The game lasted 00:03:21 (1891 turns).

pokeman the Magician (Deep Elf Hedge Wizard)        Turns: 1891, Time: 00:03:21

Health: 0/25       AC:  3    Str:  7    XL:     4   Next: 65%
Magic:  1/13       EV: 12    Int: 21    God:
Gold:   51         SH:  0    Dex: 14    Spells: 6/14 levels left

rFire   . . .      SeeInvis .    j - +1 short sword (venom)
rCold   . . .      Faith    .    (no shield)
rNeg    . . .      Spirit   .    b - +0 robe
rPois   .          Reflect  .    c - +0 hat
rElec   .          Harm     .    (no cloak)
rCorr   .          Rampage  .    l - +0 pair of gloves
Will    .....                    (no boots)
Stlth   ++........               (no amulet)
HPRegen 0.24/turn                (no ring)
MPRegen 0.13/turn                (no ring)

@: lethally poisoned (0 -> -1)
A: no striking features
a: no special abilities


You were on level 3 of the Dungeon.
You visited 1 branch of the dungeon, and saw 3 of its levels.

You collected 51 gold pieces.

Inventory:

Hand Weapons
 j - a +1 short sword of venom (weapon)
Missiles
 a - 5 curare-tipped darts
Armour
 b - a +0 robe (worn)
 c - a +0 hat (worn)
 l - a +0 pair of gloves (worn)
Scrolls
 f - a scroll of butterflies {unknown}
 g - 2 scrolls of identify {unknown}
 h - a scroll of noise {unknown}
 k - a scroll of amnesia {unknown}
Potions
 d - a potion of magic
 e - 4 potions of heal wounds {unknown}
 i - a potion of curing {unknown}
 m - a potion of degeneration {unknown}


   Skills:
 - Level 1.1 Fighting
 - Level 1.1 Armour
 + Level 2.6 Dodging
 + Level 2.7 Stealth
 * Level 5.8 Spellcasting
 + Level 2.3 Conjurations
 - Level 1.1 Summonings
 - Level 1.1 Translocations


You had 6 spell levels left.
You knew the following spells:

 Your Spells              Type           Power      Damage    Failure   Level
a - Magic Dart            Conj           60%        1d6       3%          1
b - Mephitic Cloud        Conj/Pois/Air  9%         N/A       22%         3
c - Call Imp              Summ           10%        N/A       10%         2
d - Blink                 Tloc           20%        N/A       10%         2

Your spell library contained the following spells:

 Spells                   Type           Power      Damage    Failure   Level
 Slow                     Hex            24%        N/A       10%         1
 Cigotuvi's Dreadful Rot  Necr/Pois/Air  12%        N/A       16%         2


Dungeon Overview and Level Annotations

Branches:
Dungeon (3/15)

Altars:


Message History

Casting: Magic Dart (safe; 3% risk of failure)
Confirm with . or Enter, or press ? or * to list all spells.
Aiming: Magic Dart (safe; 3% risk of failure)
Press: ? - help, Shift-Dir - straight line, f/p - adder
Aim: an adder (moderately wounded, 100% to hit)
The magic dart hits the adder.
The adder is moderately wounded.
Casting: Magic Dart (safe; 3% risk of failure)
Confirm with . or Enter, or press ? or * to list all spells.
Aiming: Magic Dart (safe; 3% risk of failure)
Press: ? - help, Shift-Dir - straight line, f/p - adder
Aim: an adder (moderately wounded, 100% to hit)
You miscast Magic Dart.
You are very lightly contaminated with residual magic.
Nothing appears to happen.
The adder bites you.
You are poisoned.
The adder poisons you!
You closely miss the adder.
The adder is moderately wounded.
You feel sick. The adder barely misses you.
You miss the adder.
The adder is moderately wounded.
You feel sick. The adder closely misses you.
You miss the adder.
The adder is moderately wounded.
You feel sick. The adder closely misses you.
You hit the adder.
The adder is poisoned.
The adder is heavily wounded.
You feel sick. The adder bites you.
* * * LOW HITPOINT WARNING * * *
The adder misses you.
You barely miss the adder.
The adder is severely wounded.
You feel sick. The adder barely misses you.
Your magical contamination has completely faded away.
You completely miss the adder.
The adder is severely wounded.
You feel sick. The adder bites you.
You die...

.####$. .# ....
..#....#........
......#.#......
#......#.........
#................
#......)........
#..............
.####..รท@S.##
#.#
.......<.)).##..#
.#########......#
###)...# ##...#
....# .##.># oo
.... o. #.##.


You could see an adder (very poisoned).

Vanquished Creatures
  An orc priest (D:3)
  2 adders
  A worm (D:2)
  6 orcs
  2 ball pythons
  3 bats (D:2)
  A giant cockroach (D:2)
  A goblin (D:2)
  3 hobgoblins (D:2)
  3 kobolds
  3 frilled lizards
  2 rats
28 creatures vanquished.

Vanquished Creatures (collateral kills)
  An orc priest (D:3)
  A quokka (D:3)
2 creatures vanquished.

Grand Total: 30 creatures vanquished

Notes
Turn   | Place    | Note
-------+----------+-------------------------------------------
     0 | D:1      | pokeman the Deep Elf Hedge Wizard began the quest for the
                  | Orb.
     0 | D:1      | Reached XP level 1. HP: 10/10 MP: 7/7
  1073 | D:2      | Reached XP level 2. HP: 15/15 MP: 5/9
  1324 | D:2      | Reached skill level 5 in Spellcasting
  1447 | D:2      | Reached XP level 3. HP: 13/20 MP: 6/11
  1451 | D:2      | Learned a level 3 spell: Mephitic Cloud
  1454 | D:2      | Learned a level 2 spell: Call Imp
  1457 | D:2      | Learned a level 2 spell: Blink
  1737 | D:3      | Reached skill level 1 in Fighting
  1737 | D:3      | Reached skill level 1 in Armour
  1737 | D:3      | Reached XP level 4. HP: 7/25 MP: 3/13
  1891 | D:3      | Slain by an adder

Illustrated notes

Levels and vault maps discovered:
D:1:      sevenhm_arrival_forest_fort_large_4, layout_loops_corners,
          chequers_avenue
D:2:      layout_basic
D:3:      layout_rooms, serial_shops, nicolae_shop_crystal,
          minmay_misc_feat_enclosed, lightli_corner_chamber

Skill      XL: |  1  2  3 |
---------------+----------+-----
Spellcasting   | 5 |  5.8
Fighting       | 1 |  1.1
Armour         | 1 |  1.1
Conjurations   | 2 |  2.3
Dodging        | |  2.6
Stealth        | |  2.7
Summonings     | |  1.1
Translocations | |  1.1

Action                   |  1- 3 |  4- 6 || total
-------------------------+-------+-------++-------
Melee: Dagger            |     1 |       ||     1
       Short sword       |    13 |    26 ||    39
       Punch             |     1 |       ||     1
 Cast: Magic Dart        |    48 |    11 ||    59
       Mephitic Cloud    |     1 |     1 ||     2
       Call Imp          |     1 |       ||     1
 Stab: Sleeping          |     1 |       ||     1
Armor: Robe              |     2 |     4 ||     6
Dodge: Dodged            |    13 |    26 ||    39

Table legend: (Time is in decaauts)
 A = Elapsed time spent in this place.
 B = Non-inter-level travel time spent in this place.
 C = Inter-level travel time spent in this place.
 D = Time resting spent in this place.
 E = Time spent auto-exploring this place.
 F = Levels seen in this place.
 G = Mean time per level.
                   A        B        C        D        E       F      G
               +--------+--------+--------+--------+--------+-----+--------+
         Total |   1891 |   1826 |     65 |     91 |   1499 |   3 |  630.3 |
       Dungeon |   1891 |   1826 |     65 |     91 |   1499 |   3 |  630.3 |
               +--------+--------+--------+--------+--------+-----+--------+

Top non-repeatable levels by time:
     D:1: 905 daAuts
     D:2: 853 daAuts
     D:3: 132 daAuts
